 Dungeon Crawl Stone Soup version 0.24.0-13-gcf9b3192b9 (webtiles) character file.

Game seed: 10332320867257102269, levelgen mode: deterministic

27 inmateoo the Scratcher (level 2, 0/18 HPs)
             Began as a Felid Transmuter on Nov 6, 2019.
             Succumbed to an adder's poison
             ... on level 2 of the Dungeon.
             The game lasted 00:01:16 (1397 turns).

inmateoo the Scratcher (Felid Transmuter)           Turns: 1397, Time: 00:01:16

Health: 0/18       AC: 21    Str:  3 (6)  XL:     2   Next: 93%
Magic:  3/6        EV:  4    Int: 11 (14) God:
Gold:   67         SH:  0    Dex: 13 (16) Spells: 2/5 levels left
                                        Lives:  0   Deaths: 0

rFire    . . .     SeeInvis +     - Unarmed
rCold    . . .     Gourm    .   (shield unavailable)
rNeg     + + +     Faith    .   (armour unavailable)
rPois    +         Spirit   .   (helmet unavailable)
rElec    .         Reflect  .   (cloak unavailable)
rCorr    .         Harm     .   (gloves unavailable)
MR       .....     NoTele   +   (boots unavailable)
Stlth    ++........             (no amulet)
HPRegen  0.06/turn              (no ring)
MPRegen  0.10/turn              (no ring)

@: lethally poisoned (0 -> -4), tree-form
A: very small, no armour, no weapons or thrown items, stealth, see invisible,
carnivore, slow metabolism 1
a: no special abilities


You were on level 2 of the Dungeon.
You were very full.
You were a tree.
You visited 1 branch of the dungeon, and saw 2 of its levels.

You collected 67 gold pieces.

Inventory:

Missiles
 a - 10 arrows
Scrolls
 d - a scroll of immolation {unknown}
 e - 2 scrolls of random uselessness {unknown}
 f - a scroll of remove curse {unknown}
 g - 2 scrolls of teleportation {unknown}
 h - a scroll of noise {unknown}
 i - a scroll of enchant armour {unknown}
Comestibles
 c - 4 rations


   Skills:
 + Level 1.3 Fighting
 + Level 3.1 Dodging
 + Level 1.3 Stealth
 + Level 3.2 Unarmed Combat
 + Level 2.2 Spellcasting
 + Level 2.5 Transmutations


You had 2 spell levels left.
You knew the following spells:

 Your Spells              Type           Power        Failure   Level  Hunger
a - Beastly Appendage     Tmut           #.....       11%         1    ##.....
b - Sticks to Snakes      Tmut           #.......     16%         2    ###....

Your spell library contained the following spells:

 Spells                   Type           Power        Failure   Level  Hunger
 Spider Form              Tmut/Pois      #.........   45%         3    ####...
 Ice Form                 Ice/Tmut       #.......     86%         4    #####..
 Blade Hands              Tmut           #.........   96%         5    ######.


Dungeon Overview and Level Annotations

Branches:
Dungeon (2/15)

Altars:
Dithmenos


Innate Abilities, Weirdness & Mutations

You cannot wear armour.
You are incapable of wielding weapons or throwing items.
Your paws allow you to move quietly. (Stealth)
((You have sharp claws.))
((You have razor-sharp teeth.))
You have supernaturally acute eyesight. (SInv)
You are carnivorous and can eat meat at any time.
((You cover ground quickly.))
((You are covered in fur. (AC +1)))
You have a slow metabolism.
((Your sharp claws are effective at attacking unaware monsters.))


Message History

The goblin barely misses your ball python.
Unknown command.
Your ball python closely misses the adder.
Your ball python barely misses the adder.
The adder completely misses your adder.
Your adder bites the adder.
The goblin hits your ball python.
* * * LOW HITPOINT WARNING * * *
You feel sick.
Your ball python bites the adder.
Your ball python misses the adder.
The adder misses your adder.
Your adder bites the adder.
Your ball python barely misses the adder.
Your ball python misses the adder.
The adder barely misses your adder.
Unknown command.
Your adder bites the adder.
The adder dies!
Your ball python bites the goblin.
Your ball python grabs the goblin.
Your ball python constricts the goblin.
The goblin hits your ball python.
Your ball python dies!
Your adder closely misses the goblin.
The goblin hits your adder.
You die...

#.# #.##.....# #.##
#.# #.####.### #.##
#.# ##.# #.# #...
#.# #..# #.# ####
#.# #..# #.#
#####.####### #..#
.#
.......[....####..#
##>...#####.......#
#.#### ######♣##
#.# #.# #.# #.# #.#
#S##### #.#
#####g....# #.#
...........#######
#.#
.................#
.##?..............
#.##.....#.#.#.#


You could see a goblin and a friendly adder.

Vanquished Creatures
  4 goblins (D:1)
  2 hobgoblins
  A kobold (D:1)
  3 bats (D:1)
  2 frilled lizards (D:1)
  5 rats (D:1)
17 creatures vanquished.

Vanquished Creatures (collateral kills)
  2 adders (D:2)
2 creatures vanquished.

Grand Total: 19 creatures vanquished

Notes
Turn   | Place    | Note
-------+----------+-------------------------------------------
     0 | D:1      | inmateoo the Felid Transmuter began the quest for the Orb.
     0 | D:1      | Reached XP level 1. HP: 9/9 MP: 4/4
   332 | D:1      | Reached XP level 2. HP: 9/12 MP: 6/6
   411 | D:1      | Reached skill level 1 in Stealth
   441 | D:1      | Learned a level 2 spell: Sticks to Snakes
  1162 | D:2      | Found a shadowy altar of Dithmenos.
  1397 | D:2      | Succumbed to an adder's poison

Levels and vault maps discovered:
D:1:      dpeg_arrival_short_road, layout_basic, fountainhead, bh_walls_and_bars
D:2:      layout_loops_ring, kennysheep_slug_shrine,
          grunt_temple_overflow_cloverleaf, grunt_dithmenos_smoke_and_mirrors

Skill      XL: |  1  2 |
---------------+-------+-----
Dodging        | 3 |  3.1
Stealth        | 1 |  1.3
Fighting       | |  1.3
Unarmed Combat | |  3.2
Spellcasting   | |  2.2
Transmutations | |  2.5

Action                   || total
-------------------------++-------
Melee: Unarmed           ||    47
       Bite              ||     3
 Cast: Sticks to Snakes  ||     2
       Beastly Appendage ||     1
  Use: Potion            ||     3
 Stab: Sleeping          ||     5
  Eat: Chunk             ||     7
Dodge: Dodged            ||    53
